 Dungeon Crawl Stone Soup version 0.22-a0-283-g1871b15 (webtiles) character file.

2314 b5mith the Fighter (level 9, -2/81 HPs)
             Began as a Minotaur Berserker on Mar 18, 2018.
             Was an Elder of Trog.
             Slain by an ogre
             ... wielding a +0 giant club
              (19 damage)
             ... on level 8 of the Dungeon.
             The game lasted 00:13:33 (5867 turns).

b5mith the Fighter (Minotaur Berserker)             Turns: 5867, Time: 00:13:34

Health: -2/81      AC: 10    Str: 26    XL:     9   Next: 18%
Magic:  17/17      EV: 11    Int:  9    God:    Trog [****..]
Gold:   388        SH:  0    Dex:  9    Spells: 8/8 levels left

rFire    . . .     SeeInvis .   a - +0 falchion
rCold    . . .     Gourm    .   (no shield)
rNeg     . . .     Faith    .   f - +0 chain mail
rPois    .         Spirit   .   (helmet restricted)
rElec    .         Reflect  .   (no cloak)
rCorr    .         Harm     .   (no gloves)
MR       .....                  (no boots)
Stlth    ..........             B - amulet of the acrobat
HPRegen  0.23/turn              r - ring of magical power
MPRegen  0.15/turn              C - +5 ring of intelligence

@: no status effects
A: retaliatory headbutt, horns 2
a: Berserk, Trog's Hand, Brothers in Arms, Renounce Religion


You were on level 8 of the Dungeon.
You worshipped Trog.
Trog was greatly pleased with you.
You were not hungry.

You visited 1 branch of the dungeon, and saw 8 of its levels.

You collected 388 gold pieces.

Inventory:

Hand Weapons
 a - a +0 falchion (weapon)
 q - a +0 flail of protection
 A - the +6 arbalest "Damnation" {damnation}
   (You found it on level 5 of the Dungeon)
Missiles
 G - 8 tomahawks (quivered)
Armour
 b - a +0 animal skin
 f - a +0 chain mail (worn)
Jewellery
 h - a cursed ring of loudness {unknown}
 n - an uncursed amulet of the gourmand
 r - a ring of magical power (left hand)
 y - an uncursed amulet of harm
 B - an amulet of the acrobat (around neck)
 C - a +5 ring of intelligence (right hand)
Wands
 p - a wand of digging (14)
 u - a wand of acid (6)
 I - a wand of enslavement (7)
Scrolls
 e - 4 scrolls of fog
 g - a scroll of teleportation {unknown}
 i - 3 scrolls of magic mapping
 j - 2 scrolls of immolation
 k - 3 scrolls of remove curse {@r2}
 m - a scroll of noise {unknown}
 w - a scroll of blinking {unknown}
 D - a scroll of vulnerability {unknown}
 E - a scroll of amnesia {unknown}
 F - a scroll of enchant weapon {unknown}
Potions
 d - a potion of resistance
 l - 2 potions of lignification
 o - a potion of invisibility {unknown}
 s - 2 potions of haste
 t - a potion of heal wounds {unknown}
 v - 2 potions of mutation
 x - 5 potions of curing {@q1}
 z - a potion of flight {unknown}
Comestibles
 c - 19 rations
 H - 2 chunks of flesh


   Skills:
 + Level 8.2 Fighting
 + Level 8.2 Long Blades
 + Level 7.7 Armour
 + Level 7.0 Dodging


You had 8 spell levels left.
You didn't know any spells.

Dungeon Overview and Level Annotations

Branches:
Dungeon (8/15)             Temple (0/1) D:7
   Lair: D:8-11

Altars:
Ashenzari
Fedhas
Hepliaklqana
Nemelex Xobeh
Ru
Sif Muna
Uskayaw
Yredelemnul
The Shining One

Shops:
D:5 :


Innate Abilities, Weirdness & Mutations

You reflexively headbutt those who attack you in melee.
You have a pair of horns on your head.


Message History

The bullfrog hits you.
You slash the bullfrog!
You kill the bullfrog!
Trog accepts your kill.
Your Dodging skill increases to level 7!
Some of the chunks of flesh in your inventory have rotted away.
You hit the ogre. You headbutt the ogre.
The ogre is moderately wounded.
The ogre hits you with a giant club!!
* * * LOW HITPOINT WARNING * * *
You slash the ogre! You headbutt the ogre!
The ogre is almost dead.
You closely miss the ogre.
The ogre is almost dead.
The ogre hits you with a giant club!
* * * LOW HITPOINT WARNING * * *
You barely miss the ogre. Your headbutt misses the ogre.
The ogre is almost dead.
The ogre hits you with a giant club!!
You die...

#....<..†.......#
#..#######...##### #####
##.## #..... #.# #......
#.# #### ....... #.# #..#
....... +#.#+ ###.#
.......
####...#####.#.##.......
......⌠....@O............
#####...#####............
+#.#+ ######....... #.#
....... #.# ....... #.#
...(... #. .....>.
#.....)


You could see an ogre.

Vanquished Creatures
  A hippogriff (D:8)
  A shadow (D:7)
  The ghost of b5mith the Slasher, an amateur MiBe of Trog (D:3)
  2 ice beasts (D:6)
  An ogre (D:7)
  A phantom (D:5)
  2 centaurs (D:7)
  4 bullfrogs
  A wyvern zombie (D:7)
  2 scorpions (D:6)
  2 howler monkeys
  2 crimson imps (D:6)
  A hound (D:4)
  An orc priest (D:6)
  Ijyb (D:3)
  8 orc wizards
  4 worker ants
  A killer bee zombie (D:7)
  A hound zombie (D:6)
  A hound skeleton (D:6)
  4 gnolls (D:4)
  A howler monkey skeleton (D:7)
  13 adders
  2 oozes
  5 worms
  4 dart slugs
  2 leopard geckos (D:2)
  27 orcs
  4 ball pythons
  3 bats
  2 giant cockroaches
  9 goblins
  9 hobgoblins
  10 jackals
  8 kobolds
  A quokka (D:3)
  6 frilled lizards
  A leopard gecko skeleton (D:4)
  5 rats
154 creatures vanquished.

Notes
Turn   | Place    | Note
-------+----------+-------------------------------------------
     0 | D:1      | b5mith the Minotaur Berserker began the quest for the Orb.
     0 | D:1      | Reached XP level 1. HP: 19/19 MP: 0/0
   181 | D:1      | Reached XP level 2. HP: 27/27 MP: 1/1
   408 | D:1      | Reached XP level 3. HP: 33/33 MP: 2/2
   854 | D:2      | Reached ** piety under Trog
   980 | D:2      | Reached XP level 4. HP: 41/41 MP: 3/3
  1127 | D:2      | Found a sacrificial altar of Ru.
  1208 | D:2      | Found a basalt altar of Yredelemnul.
  1439 | D:3      | Reached XP level 5. HP: 46/47 MP: 4/4
  1475 | D:3      | Found a hazy altar of Hepliaklqana.
  1475 | D:3      | Found a blossoming altar of Fedhas.
  1477 | D:3      | Found a shattered altar of Ashenzari.
  1546 | D:3      | Reached *** piety under Trog
  1585 | D:3      | Noticed b5mith's ghost (amateur MiBe)
  1601 | D:3      | Killed b5mith's ghost
  1601 | D:3      | Reached skill level 5 in Fighting
  1601 | D:3      | Reached skill level 5 in Long Blades
  1601 | D:3      | Reached XP level 6. HP: 24/56 MP: 5/5
  1967 | D:3      | Found a sparkling altar of Nemelex Xobeh.
  2169 | D:3      | Noticed Ijyb
  2183 | D:3      | Killed Ijyb
  2579 | D:4      | Found a hide-covered altar of Uskayaw.
  2580 | D:4      | Noticed a dagger
  2580 | D:4      | Noticed a dagger
  2613 | D:4      | Reached skill level 5 in Armour
  2613 | D:4      | Reached XP level 7. HP: 62/62 MP: 6/6
  3258 | D:5      | Entered Level 5 of the Dungeon
  3393 | D:5      | Found the +6 arbalest "Damnation" {damnation}
  3438 | D:5      | Found Cycum's Book Boutique.
  4104 | D:6      | Reached skill level 5 in Dodging
  4394 | D:6      | Reached XP level 8. HP: 53/71 MP: 7/7
  4547 | D:6      | Found Veracija's Food Shop.
  4549 | D:6      | Reached **** piety under Trog
  4614 | D:6      | Found a deep blue altar of Sif Muna.
  5352 | D:7      | Found a staircase to the Ecumenical Temple.
  5575 | D:7      | Reached XP level 9. HP: 74/81 MP: 8/8
  5728 | D:7      | Found a glowing golden altar of the Shining One.
  5867 | D:8      | Slain by an ogre

Vault maps used:
D:1:      wheals_arrival_shading, serial_glass, glass_columns_b, glass_columns_b
D:2:      nicolae_ru_path_of_blood, yredelemnul_altar_generic
D:3:      nemelex_altar_shiori, gammafunk_temple_overflow_forgotten, uniq_ijyb
D:4:      dancing_weapons_uskayaw
D:5:      serial_shops, shop, first_ration
D:6:      kennysheep_mini_moat, serial_shops, shop, serial_bayou_lagoon_b
D:7:      nicolae_tso_swordbearing_angel, minmay_temple_entry_hall
D:8:      grunt_temple_overflow_cloverleaf

Skill      XL: |  1  2  3  4  5  6  7  8  9 |
---------------+----------------------------+-----
Fighting       | 4 5 6 8 |  8.2
Long Blades    | 4 5 6 7 8 |  8.2
Armour         | 3 4 5 6 7 |  7.7
Dodging        | 3 4 5 6 7 |  7.0

Action                   |  1- 3 |  4- 6 |  7- 9 || total
-------------------------+-------+-------+-------++-------
Melee: Falchion          |    74 |   165 |   210 ||   449
       Headbutt          |    20 |    43 |    47 ||   110
Invok: Berserk           |       |     1 |       ||     1
  Use: Scroll            |     1 |       |     7 ||     8
  Eat: Chunk             |       |    24 |     2 ||    26
Armor: Animal skin       |     6 |       |       ||     6
       Chain mail        |    36 |    74 |    72 ||   182
Dodge: Dodged            |    35 |    64 |   109 ||   208
       Rpst.: Falchion   |    10 |    18 |    27 ||    55

Table legend:
 A = Spawn XP
 B = Non-spawn XP
 C = Spawn XP percentage of total XP
 D = Spawn monster count
 E = Non-spawn monster count
 F = Spawn count percentage of total count
 G = Total turns spent on level
                    A         B        C        D         E        F      G
               +---------+---------+-------+---------+---------+-------+---------
         Total |       0 |    3307 |   0.0 |       0 |     154 |   0.0 |  5867
               +---------+---------+-------+---------+---------+-------+---------
           D:1 |       0 |      47 |   0.0 |       0 |      20 |   0.0 |   726
           D:2 |       0 |     130 |   0.0 |       0 |      31 |   0.0 |   670
           D:3 |       0 |     470 |   0.0 |       0 |      35 |   0.0 |   980
           D:4 |       0 |     139 |   0.0 |       0 |       9 |   0.0 |   882
           D:5 |       0 |     243 |   0.0 |       0 |       7 |   0.0 |   821
           D:6 |       0 |     925 |   0.0 |       0 |      29 |   0.0 |  1002
           D:7 |       0 |    1006 |   0.0 |       0 |      19 |   0.0 |   728
           D:8 |       0 |     347 |   0.0 |       0 |       4 |   0.0 |    58
               +---------+---------+-------+---------+---------+-------+---------
